Rangers vs Jets
Created - 21 janvier 2014 at 19:11
Goals
|
| Rangers |
2 |
0 |
1 |
0 |
2 |
4 |
| Jets |
1 |
1 |
1 |
0 |
1 |
3 |
|
Shots
|
| Rangers |
11 |
12 |
4 |
3 |
4 |
30 |
| Jets |
7 |
12 |
10 |
0 |
4 |
29 |
|
1st period
1. Rangers , Drew Stafford 6 (Patrick Sharp, Cam Barker) at 0:51
2. Rangers , Patrick Sharp 17 (Patrice Bergeron, Dustin Brown) at 12:24
3. Jets , Benoit Pouliot 18 (Jason Allison, Daniel Alfredsson) at 12:32
Penalties :
Jaroslav Balastik (NYR) for Holding (Minor) at 1:13
2nd period
4. Jets , Kristian Huselius 9 (Adam Burish) at 2:54
Penalties :
Brad Richards (NYR) for Tripping (Minor) at 0:03, Colin White (Win) for Fighting (Major) at 6:42, Milan Lucic (NYR) for Fighting (Major) at 6:42, Patrice Bergeron (NYR) for Hooking (Minor) at 12:06
3rd period
5. Jets , Derek Roy 15 (Miroslav Satan, Jussi Jokinen) at 0:50
6. Rangers , Brad Richards 26 (Johan Franzen, Milan Lucic) at 3:26
Penalties :
Jason Allison (Win) for High sticking (Minor) at 4:51, Michal Rozsival (Win) for Roughing (Double Minor) at 8:54
Overtime #1
No Goal
Penalties :
No Penalty
Shootout
Penalty Shot by Patrick Sharp for Rangers - Stopped by Maxime Daigneault
Penalty Shot by Adam Burish for Jets - Shot Misses the Net
Penalty Shot by Milan Lucic for Rangers - Stopped by Maxime Daigneault
Penalty Shot by Tuomo Ruutu for Jets - Stopped by Hannu Toivonen
Penalty Shot by Johan Franzen for Rangers - Goal!
Penalty Shot by Daniel Alfredsson for Jets - Goal!
Penalty Shot by Patrice Bergeron for Rangers - Goal!
Penalty Shot by Jason Allison for Jets - Stopped by Hannu Toivonen
Penalties :
No Penalty
Goalie Stats
Hannu Toivonen (NYR), 26 saves from 29 shots - (0,897), W, 8-5-1, 65:00 minutes
Maxime Daigneault (Win), 27 saves from 30 shots - (0,900), OTL, 16-14-2, 65:00 minutes
Players Stats for Rangers
Player Name G A P +/- PIM S H SB GA TA FO MP PP MP PK MP
------------------------------------------------------------------------------------
Alexandre Burrows 0 0 0 1 0 3 1 0 0 1 2/5 17:26 1:20 0:36
Brad Richards 1 0 1 -1 2 4 4 0 1 1 13/26 23:36 2:15 2:07
Brent Seabrook 0 0 0 0 0 3 1 0 0 0 0/0 22:01 2:36 1:46
Bryan Berard 0 0 0 0 0 1 1 0 0 1 0/0 21:46 2:36 1:46
Byron Ritchie 0 0 0 0 0 0 0 0 0 0 2/4 11:24 0:34 0:44
Cam Barker 0 1 1 0 0 0 2 2 0 2 0/0 29:30 3:05 4:11
Drew Stafford 1 0 1 1 0 4 2 0 0 1 0/1 15:20 0:52 0:00
Dustin Brown 0 1 1 0 0 2 1 0 0 0 0/0 16:50 2:29 0:00
Jaroslav Balastik 0 0 0 0 2 1 1 0 0 0 1/1 9:15 0:13 0:00
Johan Franzen 0 1 1 -1 0 5 3 0 1 0 1/2 19:01 2:44 1:31
Kimmo Timonen 0 0 0 0 0 1 1 0 0 3 0/0 27:18 3:05 4:11
Kyle McLaren 0 0 0 0 0 0 0 0 0 1 0/0 13:13 0:17 0:00
Mark Fistric 0 0 0 0 0 0 0 0 0 0 0/0 3:31 0:17 0:00
Matt Greene 0 0 0 0 0 0 1 0 1 0 0/0 12:56 0:00 0:00
Milan Lucic 0 1 1 0 5 2 2 0 0 0 0/1 20:10 2:29 3:50
Patrice Bergeron 0 1 1 0 2 1 1 0 0 0 3/11 16:58 2:29 0:00
Patrick Sharp 1 1 2 -1 0 2 0 0 0 2 0/0 19:10 2:29 1:31
Valtteri Filppula 0 0 0 1 0 1 0 0 0 1 2/8 14:34 0:00 1:35
Players Stats for Jets
Player Name G A P +/- PIM S H SB GA TA FO MP PP MP PK MP
------------------------------------------------------------------------------------
Adam Burish 0 1 1 0 0 1 5 0 1 0 0/1 14:46 2:37 1:09
Benoit Pouliot 1 0 1 0 0 8 0 0 0 0 2/2 21:46 2:37 2:03
Colin White 0 0 0 -1 5 0 1 0 0 0 0/0 16:12 0:00 2:18
Daniel Alfredsson 0 1 1 0 0 1 1 0 4 0 0/0 22:57 3:20 2:41
Darroll Powe 0 0 0 -1 0 2 1 1 0 1 2/5 11:30 0:00 2:08
Derek Roy 1 0 1 1 0 3 0 0 0 0 3/3 13:43 0:00 1:10
Dmitri Kalinin 0 0 0 0 0 2 1 0 1 0 0/0 30:30 3:16 2:54
Eric Brewer 0 0 0 0 0 0 1 1 1 0 0/0 24:33 2:41 2:18
Fredrik Sjostrom 0 0 0 -1 0 1 2 1 0 0 0/0 10:53 0:00 0:51
Greg Campbell 0 0 0 0 0 0 1 0 2 1 2/6 13:45 0:00 2:40
Jason Allison 0 1 1 0 2 3 1 0 1 0 22/37 21:50 3:20 0:00
Jussi Jokinen 0 1 1 1 0 4 3 0 1 0 1/1 17:36 3:20 0:00
Kristian Huselius 1 0 1 0 0 1 1 0 0 0 0/0 11:02 0:00 0:00
Michal Rozsival 0 0 0 -1 4 0 4 0 2 0 0/0 23:38 2:41 0:00
Mike Commodore 0 0 0 1 0 0 1 0 0 0 0/0 21:01 3:16 2:54
Miroslav Satan 0 1 1 1 0 2 2 1 0 0 3/4 15:39 2:37 0:00
Roman Hamrlik 0 0 0 1 0 0 1 0 0 1 0/0 13:29 0:00 0:46
Tuomo Ruutu 0 0 0 -1 0 1 1 0 0 0 0/0 9:09 0:00 0:00
3 Stars
1 - Drew Stafford (NYR)
2 - Derek Roy (Win)
3 - Patrick Sharp (NYR)
Power Play
Rangers - 0 on 3 Attempt(s) - 0,00%
Jets - 0 on 3 Attempt(s) - 0,00%
Penalty Kill
Rangers - 3 on 3 Attempt(s) - 100,00%
- Score 0 goal in Penalty Kill
Jets - 3 on 3 Attempt(s) - 100,00%
- Score 0 goal in Penalty Kill
Official
Referees : VanMassenhoven Don and Walsh Ian
Linesman : David Brisebois and Brian Murphy
Game Notes
Milan Lucic beats up Colin White at 6:42 of 2nd period
Brad Richards is injured at 0:23 of 1st overtime period (Left Hand)
Finance
Level 1 -- Attendance: 6000 (100,00%) -- Ticket Income 462 000 $
Level 2 -- Attendance: 4757 (95,14%) -- Ticket Income 228 336 $
Level 3 -- Attendance: 2000 (100,00%) -- Ticket Income 58 000 $
Level 4 -- Attendance: 3925 (98,13%) -- Ticket Income 74 575 $
Luxury Box -- Attendance: 959 (95,90%) -- Ticket Income 158 235 $
Game was played at the MTS Center
Total Attendance: 17641 (98,01%)
Total Ticket Income: 981 146 $
Other Income: 147 172 $
Total Income: 1 128 318 $
Rangers
5 vs 5 Forward
Center Left Wing Right Wing Time % Phy DF OF
1 Brad Richards Milan Lucic Johan Franzen 40 1 2 2
2 Patrice Bergeron Patrick Sharp Dustin Brown 30 1 2 2
3 Valtteri Filppula Alexandre Burrows Drew Stafford 20 1 2 2
4 Byron Ritchie Jaroslav Balastik Brad Richards 10 1 2 2
5 vs 5 Defense
Defense Defense Time % Phy DF OF
1 Cam Barker Kimmo Timonen 40 1 2 2
2 Brent Seabrook Bryan Berard 30 1 2 2
3 Kyle McLaren Matt Greene 20 1 2 2
4 Mark Fistric Cam Barker 10 1 2 2
PowerPlay Forward
Center Left Wing Right Wing Time % Phy DF OF
1 Brad Richards Milan Lucic Johan Franzen 60 1 2 2
2 Patrice Bergeron Patrick Sharp Dustin Brown 40 1 2 2
PowerPlay Defense
Defense Defense Time % Phy DF OF
1 Cam Barker Kimmo Timonen 60 1 2 2
2 Brent Seabrook Bryan Berard 40 1 2 2
Penalty Kill 4 Players Forward
Center Wing Time % Phy DF OF
1 Brad Richards Milan Lucic 60 1 2 2
2 Johan Franzen Patrick Sharp 40 1 2 2
Penalty Kill 4 Players Defense
Defense Defense Time % Phy DF OF
1 Cam Barker Kimmo Timonen 60 1 2 2
2 Brent Seabrook Bryan Berard 40 1 2 2
Penalty Kill - 3 Players Forward
Forward Time % Phy DF OF
1 Brad Richards 60 1 2 2
2 Milan Lucic 40 1 2 2
Penalty Kill - 3 Players Defense
Defense Defense Time % Phy DF OF
1 Cam Barker Kimmo Timonen 60 1 2 2
2 Brent Seabrook Bryan Berard 40 1 2 2
4 vs 4 Forward
Center Wing Time % Phy DF OF
1 Brad Richards Milan Lucic 60 1 2 2
2 Johan Franzen Patrick Sharp 40 1 2 2
4 vs 4 Defense
Defense Defense Time % Phy DF OF
1 Cam Barker Kimmo Timonen 60 1 2 2
2 Brent Seabrook Bryan Berard 40 1 2 2
Last Minutes Offensive
Center Left Wing Right Wing Defense Defense
Brad Richards Milan Lucic Johan Franzen Cam Barker Kimmo Timonen
Last Minutes Defensive
Center Left Wing Right Wing Defense Defense
Brad Richards Milan Lucic Johan Franzen Cam Barker Kimmo Timonen
Goaltenders
Starting : Hannu Toivonen
Backup : Henrik Lundqvist
Extra Forwards
Normal : Alexandre Burrows, Drew Stafford, Valtteri Filppula - PP : Alexandre Burrows, Drew Stafford - PK : Valtteri Filppula
Extra Defensemen
Normal : Kyle McLaren, Matt Greene, Mark Fistric - PP : Kyle McLaren - PK : Matt Greene, Mark Fistric
Penalty Shots
Brad Richards, Milan Lucic, Johan Franzen, Patrick Sharp, Patrice Bergeron
Jets
5 vs 5 Forward
Center Left Wing Right Wing Time % Phy DF OF
1 Jason Allison Benoit Pouliot Daniel Alfredsson 40 1 2 2
2 Derek Roy Jussi Jokinen Miroslav Satan 30 1 2 2
3 Greg Campbell Kristian Huselius Adam Burish 20 1 2 2
4 Darroll Powe Fredrik Sjostrom Tuomo Ruutu 10 1 2 2
5 vs 5 Defense
Defense Defense Time % Phy DF OF
1 Michal Rozsival Dmitri Kalinin 40 2 2 1
2 Eric Brewer Colin White 30 2 2 1
3 Mike Commodore Roman Hamrlik 20 2 2 1
4 Dmitri Kalinin Eric Brewer 10 2 2 1
PowerPlay Forward
Center Left Wing Right Wing Time % Phy DF OF
1 Jason Allison Jussi Jokinen Daniel Alfredsson 60 0 0 5
2 Benoit Pouliot Adam Burish Miroslav Satan 40 0 0 5
PowerPlay Defense
Defense Defense Time % Phy DF OF
1 Michal Rozsival Eric Brewer 50 0 1 4
2 Dmitri Kalinin Mike Commodore 50 0 1 4
Penalty Kill 4 Players Forward
Center Wing Time % Phy DF OF
1 Greg Campbell Daniel Alfredsson 60 0 4 1
2 Darroll Powe Adam Burish 40 0 4 1
Penalty Kill 4 Players Defense
Defense Defense Time % Phy DF OF
1 Mike Commodore Dmitri Kalinin 60 0 5 0
2 Eric Brewer Colin White 40 0 5 0
Penalty Kill - 3 Players Forward
Forward Time % Phy DF OF
1 Daniel Alfredsson 60 0 5 0
2 Greg Campbell 40 0 5 0
Penalty Kill - 3 Players Defense
Defense Defense Time % Phy DF OF
1 Eric Brewer Mike Commodore 60 0 5 0
2 Colin White Dmitri Kalinin 40 0 5 0
4 vs 4 Forward
Center Wing Time % Phy DF OF
1 Jason Allison Benoit Pouliot 60 1 2 2
2 Tuomo Ruutu Daniel Alfredsson 40 1 2 2
4 vs 4 Defense
Defense Defense Time % Phy DF OF
1 Michal Rozsival Dmitri Kalinin 60 1 3 1
2 Eric Brewer Mike Commodore 40 1 3 1
Last Minutes Offensive
Center Left Wing Right Wing Defense Defense
Jason Allison Miroslav Satan Daniel Alfredsson Eric Brewer Dmitri Kalinin
Last Minutes Defensive
Center Left Wing Right Wing Defense Defense
Greg Campbell Daniel Alfredsson Adam Burish Dmitri Kalinin Mike Commodore
Goaltenders
Starting : Maxime Daigneault
Backup : Ilya Bryzgalov
Extra Forwards
Normal : Jason Allison, Daniel Alfredsson, Jussi Jokinen - PP : Adam Burish, Daniel Alfredsson - PK : Daniel Alfredsson
Extra Defensemen
Normal : Eric Brewer, Colin White, Dmitri Kalinin - PP : Eric Brewer - PK : Colin White, Dmitri Kalinin
Penalty Shots
Adam Burish, Tuomo Ruutu, Daniel Alfredsson, Jason Allison, Eric Brewer
% Time on Ice - Rangers
Lines # - Real PCT - Wanted PCT - Time Play
Normal Forward
1 - 29% - 40% - 14:08
2 - 36% - 30% - 17:15
3 - 21% - 20% - 10:06
4 - 14% - 10% - 6:36
Normal Defense
1 - 36% - 40% - 17:20
2 - 32% - 30% - 15:36
3 - 26% - 20% - 12:26
4 - 6% - 10% - 2:43
PP Forward
1 - 58% - 60% - 3:29
2 - 42% - 40% - 2:29
PP Defense
1 - 56% - 60% - 3:22
2 - 44% - 40% - 2:36
PK Forward
1 - 75% - 60% - 4:26
2 - 25% - 40% - 1:31
PK Defense
1 - 70% - 60% - 4:11
2 - 30% - 40% - 1:46
PK3 Forward
1 - 0% - 60%
2 - 0% - 40%
PK3 Defense
1 - 0% - 60%
2 - 0% - 40%
44 Forward
1 - 100% - 60% - 5:00
2 - 0% - 40% - 0:00
44 Defense
1 - 54% - 60% - 2:42
2 - 46% - 40% - 2:18
Last Minute Offensive - 0:00
Last Minute Defensive - 0:00
Total
Forward - 65:00
Defense - 65:00
|
% Time on Ice - Jets
Lines # - Real PCT - Wanted PCT - Time Play
Normal Forward
1 - 33% - 40% - 15:44
2 - 27% - 30% - 13:02
3 - 23% - 20% - 11:02
4 - 17% - 10% - 8:17
Normal Defense
1 - 37% - 40% - 17:56
2 - 32% - 30% - 15:18
3 - 24% - 20% - 11:28
4 - 7% - 10% - 3:23
PP Forward
1 - 56% - 60% - 3:20
2 - 44% - 40% - 2:37
PP Defense
1 - 45% - 50% - 2:41
2 - 55% - 50% - 3:16
PK Forward
1 - 92% - 60% - 5:29
2 - 8% - 40% - 0:29
PK Defense
1 - 53% - 60% - 3:09
2 - 47% - 40% - 2:49
PK3 Forward
1 - 0% - 60%
2 - 0% - 40%
PK3 Defense
1 - 0% - 60%
2 - 0% - 40%
44 Forward
1 - 83% - 60% - 4:08
2 - 17% - 40% - 0:52
44 Defense
1 - 70% - 60% - 3:30
2 - 30% - 40% - 1:30
Last Minute Offensive - 0:00
Last Minute Defensive - 0:00
Total
Forward - 65:00
Defense - 65:00
|
Play by Play
1st period
0:01 of 1st period - Jason Allison wins face-off versus Brad Richards in neutral zone.
0:26 of 1st period - Cam Barker is hit by Michal Rozsival and loses puck.
0:51 of 1st period - Snap shot by Drew Stafford.
0:51 of 1st period - Goal by Drew Stafford - Rangers : 1 - Jets : 0.
0:52 of 1st period - Darroll Powe wins face-off versus Byron Ritchie in neutral zone.
1:13 of 1st period - Minor Penalty to Jaroslav Balastik for Holding.
1:14 of 1st period - Jason Allison wins face-off versus Brad Richards in Rangers zone.
1:21 of 1st period - Snap shot by Jason Allison.
1:21 of 1st period - Stopped by Hannu Toivonen with a rebound.
1:23 of 1st period - Snap shot by Jussi Jokinen.
1:23 of 1st period - Stopped by Hannu Toivonen with a rebound.
3:13 of 1st period - Penalty to Jaroslav Balastik is over, Jaroslav Balastik is back on ice.
3:14 of 1st period - Johan Franzen is hit by Eric Brewer and loses puck.
3:31 of 1st period - Wrist shot by Valtteri Filppula.
3:31 of 1st period - Stopped by Maxime Daigneault with a rebound.
3:33 of 1st period - Slapshot by Bryan Berard.
3:33 of 1st period - Stopped by Maxime Daigneault with a rebound.
3:35 of 1st period - Wrist shot by Valtteri Filppula.
3:35 of 1st period - Shot Blocked by Eric Brewer.
5:01 of 1st period - Jussi Jokinen is hit by Matt Greene.
5:33 of 1st period - Jaroslav Balastik is hit by Daniel Alfredsson and loses puck.
5:53 of 1st period - Icing by Brent Seabrook.
5:54 of 1st period - Byron Ritchie wins face-off versus Darroll Powe in Rangers zone.
6:01 of 1st period - Snap shot by Milan Lucic.
6:01 of 1st period - Stopped by Maxime Daigneault without a rebound.
6:02 of 1st period - Brad Richards wins face-off versus Jason Allison in Jets zone.
6:11 of 1st period - Slapshot by Brad Richards.
6:11 of 1st period - Shot Misses the Net.
7:34 of 1st period - Backhand shot by Fredrik Sjostrom.
7:34 of 1st period - Deflect By Tuomo Ruutu.
7:34 of 1st period - Stopped by Hannu Toivonen with a rebound.
7:48 of 1st period - Alexandre Burrows is hit by Miroslav Satan and loses puck.
8:07 of 1st period - Eric Brewer is hit by Johan Franzen and loses puck.
8:25 of 1st period - Off-side.
8:26 of 1st period - Jaroslav Balastik wins face-off versus Greg Campbell in neutral zone.
8:39 of 1st period - Brad Richards is hit by Adam Burish.
8:59 of 1st period - Wrist shot by Dustin Brown.
8:59 of 1st period - Stopped by Maxime Daigneault without a rebound.
9:00 of 1st period - Derek Roy wins face-off versus Brad Richards in Jets zone.
9:08 of 1st period - Icing by Johan Franzen.
9:09 of 1st period - Brad Richards wins face-off versus Miroslav Satan in Rangers zone.
9:30 of 1st period - Wrist shot by Johan Franzen.
9:30 of 1st period - Stopped by Maxime Daigneault without a rebound.
9:31 of 1st period - Patrice Bergeron wins face-off versus Jason Allison in Jets zone.
10:22 of 1st period - Matt Greene is hit by Michal Rozsival and loses puck.
11:14 of 1st period - Snap shot by Eric Brewer.
11:14 of 1st period - Shot Misses the Net.
11:35 of 1st period - Drew Stafford is hit by Colin White and loses puck.
12:08 of 1st period - Icing by Bryan Berard.
12:09 of 1st period - Patrice Bergeron wins face-off versus Darroll Powe in Rangers zone.
12:22 of 1st period - Slapshot by Patrick Sharp.
12:22 of 1st period - Shot Blocked by Darroll Powe.
12:24 of 1st period - Slapshot by Patrick Sharp.
12:24 of 1st period - Goal by Patrick Sharp - Rangers : 2 - Jets : 0.
12:25 of 1st period - Jason Allison wins face-off versus Brad Richards in neutral zone.
12:32 of 1st period - Wrist shot by Benoit Pouliot.
12:32 of 1st period - Goal by Benoit Pouliot - Rangers : 2 - Jets : 1.
12:33 of 1st period - Brad Richards wins face-off versus Jason Allison in neutral zone.
12:47 of 1st period - Snap shot by Jason Allison.
12:47 of 1st period - Shot Blocked by Cam Barker.
13:13 of 1st period - Icing by Eric Brewer.
13:14 of 1st period - Brad Richards wins face-off versus Greg Campbell in Jets zone.
14:06 of 1st period - Snap shot by Drew Stafford.
14:06 of 1st period - Stopped by Maxime Daigneault with a rebound.
14:08 of 1st period - Wrist shot by Drew Stafford.
14:08 of 1st period - Stopped by Maxime Daigneault without a rebound.
14:09 of 1st period - Jason Allison wins face-off versus Johan Franzen in Jets zone.
14:22 of 1st period - Snap shot by Daniel Alfredsson.
14:22 of 1st period - Stopped by Hannu Toivonen without a rebound.
14:23 of 1st period - Brad Richards wins face-off versus Jason Allison in Rangers zone.
15:16 of 1st period - Snap shot by Dustin Brown.
15:16 of 1st period - Stopped by Maxime Daigneault with a rebound.
15:32 of 1st period - Adam Burish is hit by Bryan Berard and loses puck.
17:52 of 1st period - Wrist shot by Johan Franzen.
17:52 of 1st period - Stopped by Maxime Daigneault with a rebound.
18:28 of 1st period - Benoit Pouliot is hit by Brad Richards and loses puck.
19:10 of 1st period - Fredrik Sjostrom is hit by Drew Stafford and loses puck.
19:49 of 1st period - Off-side.
19:50 of 1st period - Miroslav Satan wins face-off versus Patrice Bergeron in neutral zone.
19:57 of 1st period - Wrist shot by Derek Roy.
19:57 of 1st period - Stopped by Hannu Toivonen with a rebound.
19:59 of 1st period - Wrist shot by Miroslav Satan.
19:59 of 1st period - Stopped by Hannu Toivonen with a rebound.
Goals for this period are 2 for Rangers vs 1 for Jets.
Shots for this period are 11 for Rangers vs 7 for Jets.
2nd period
0:01 of 2nd period - Brad Richards wins face-off versus Jason Allison in neutral zone.
0:03 of 2nd period - Minor Penalty to Brad Richards for Tripping.
0:04 of 2nd period - Jason Allison wins face-off versus Valtteri Filppula in Rangers zone.
0:19 of 2nd period - Icing by Jussi Jokinen.
0:20 of 2nd period - Jason Allison wins face-off versus Valtteri Filppula in Jets zone.
0:24 of 2nd period - Off-side.
0:25 of 2nd period - Jason Allison wins face-off versus Valtteri Filppula in neutral zone.
0:32 of 2nd period - Jason Allison is hit by Milan Lucic and loses puck.
1:11 of 2nd period - Slapshot by Brent Seabrook.
1:11 of 2nd period - Stopped by Maxime Daigneault without a rebound.
1:12 of 2nd period - Jason Allison wins face-off versus Byron Ritchie in Jets zone.
1:17 of 2nd period - Snap shot by Brent Seabrook.
1:17 of 2nd period - Stopped by Maxime Daigneault with a rebound.
1:19 of 2nd period - Snap shot by Brent Seabrook.
1:19 of 2nd period - Stopped by Maxime Daigneault without a rebound.
1:20 of 2nd period - Jason Allison wins face-off versus Valtteri Filppula in Jets zone.
1:53 of 2nd period - Wrist shot by Benoit Pouliot.
1:53 of 2nd period - Stopped by Hannu Toivonen with a rebound.
2:03 of 2nd period - Penalty to Brad Richards is over, Brad Richards is back on ice.
2:31 of 2nd period - Brent Seabrook is hit by Greg Campbell and loses puck.
2:54 of 2nd period - Wrist shot by Kristian Huselius.
2:54 of 2nd period - Goal by Kristian Huselius - Rangers : 2 - Jets : 2.
2:55 of 2nd period - Valtteri Filppula wins face-off versus Jason Allison in neutral zone.
3:09 of 2nd period - Slapshot by Benoit Pouliot.
3:09 of 2nd period - Deflect By Jason Allison.
3:09 of 2nd period - Stopped by Hannu Toivonen without a rebound.
3:10 of 2nd period - Johan Franzen wins face-off versus Jason Allison in Rangers zone.
3:41 of 2nd period - Backhand shot by Jussi Jokinen.
3:41 of 2nd period - Stopped by Hannu Toivonen with a rebound.
4:19 of 2nd period - Byron Ritchie is hit by Roman Hamrlik and loses puck.
4:26 of 2nd period - Mike Commodore is hit by Brad Richards and loses puck.
4:33 of 2nd period - Brad Richards is hit by Fredrik Sjostrom and loses puck.
4:54 of 2nd period - Byron Ritchie is hit by Mike Commodore and loses puck.
5:01 of 2nd period - Backhand shot by Fredrik Sjostrom.
5:01 of 2nd period - Stopped by Hannu Toivonen with a rebound.
5:03 of 2nd period - Backhand shot by Darroll Powe.
5:03 of 2nd period - Stopped by Hannu Toivonen with a rebound.
5:15 of 2nd period - Slapshot by Fredrik Sjostrom.
5:15 of 2nd period - Deflect By Tuomo Ruutu.
5:15 of 2nd period - Shot Misses the Net.
5:15 of 2nd period - Puck is out of play.
5:16 of 2nd period - Jason Allison wins face-off versus Patrice Bergeron in Rangers zone.
5:44 of 2nd period - Slapshot by Drew Stafford.
5:44 of 2nd period - Deflect By Valtteri Filppula.
5:44 of 2nd period - Shot Misses the Net.
5:44 of 2nd period - Puck is out of play.
5:45 of 2nd period - Miroslav Satan wins face-off versus Valtteri Filppula in Jets zone.
5:45 of 2nd period - Miroslav Satan is hit by Cam Barker.
5:55 of 2nd period - Slapshot by Miroslav Satan.
5:55 of 2nd period - Shot Misses the Net.
6:00 of 2nd period - Off-side.
6:01 of 2nd period - Jason Allison wins face-off versus Patrice Bergeron in neutral zone.
6:30 of 2nd period - Patrice Bergeron is hit by Kristian Huselius and loses puck.
6:39 of 2nd period - Snap shot by Adam Burish.
6:39 of 2nd period - Stopped by Hannu Toivonen without a rebound.
6:40 of 2nd period - Miroslav Satan wins face-off versus Milan Lucic in Rangers zone.
6:42 of 2nd period - Milan Lucic beats up Colin White.
6:42 of 2nd period - Penalty to Colin White for Fighting.
6:42 of 2nd period - Penalty to Milan Lucic for Fighting.
6:43 of 2nd period - Jason Allison wins face-off versus Alexandre Burrows in Rangers zone.
7:30 of 2nd period - Adam Burish is hit by Alexandre Burrows and loses puck.
7:51 of 2nd period - Snap shot by Darroll Powe.
7:51 of 2nd period - Stopped by Hannu Toivonen without a rebound.
7:52 of 2nd period - Byron Ritchie wins face-off versus Jason Allison in Rangers zone.
8:03 of 2nd period - Slapshot by Kimmo Timonen.
8:03 of 2nd period - Deflect By Daniel Alfredsson.
8:03 of 2nd period - Stopped by Maxime Daigneault without a rebound.
8:04 of 2nd period - Benoit Pouliot wins face-off versus Alexandre Burrows in Jets zone.
8:29 of 2nd period - Kimmo Timonen is hit by Jussi Jokinen and loses puck.
8:52 of 2nd period - Icing by Bryan Berard.
8:53 of 2nd period - Valtteri Filppula wins face-off versus Adam Burish in Rangers zone.
9:04 of 2nd period - Dmitri Kalinin is hit by Brent Seabrook and loses puck.
9:39 of 2nd period - Snap shot by Patrice Bergeron.
9:39 of 2nd period - Stopped by Maxime Daigneault with a rebound.
10:11 of 2nd period - Icing by Miroslav Satan.
10:12 of 2nd period - Derek Roy wins face-off versus Brad Richards in Jets zone.
10:12 of 2nd period - Eric Brewer is hit by Johan Franzen and loses puck.
10:29 of 2nd period - Snap shot by Jussi Jokinen.
10:29 of 2nd period - Shot Misses the Net.
10:31 of 2nd period - Wrist shot by Jussi Jokinen.
10:31 of 2nd period - Shot Misses the Net.
10:33 of 2nd period - Snap shot by Miroslav Satan.
10:33 of 2nd period - Stopped by Hannu Toivonen without a rebound.
10:34 of 2nd period - Jason Allison wins face-off versus Patrice Bergeron in Rangers zone.
10:37 of 2nd period - Snap shot by Daniel Alfredsson.
10:37 of 2nd period - Shot Misses the Net.
10:39 of 2nd period - Wrist shot by Benoit Pouliot.
10:39 of 2nd period - Shot Misses the Net.
11:03 of 2nd period - Snap shot by Jussi Jokinen.
11:03 of 2nd period - Stopped by Hannu Toivonen without a rebound.
11:04 of 2nd period - Jason Allison wins face-off versus Valtteri Filppula in Rangers zone.
11:13 of 2nd period - Wrist shot by Benoit Pouliot.
11:13 of 2nd period - Stopped by Hannu Toivonen without a rebound.
11:14 of 2nd period - Benoit Pouliot wins face-off versus Brad Richards in Rangers zone.
11:21 of 2nd period - Wrist shot by Johan Franzen.
11:21 of 2nd period - Stopped by Maxime Daigneault without a rebound.
11:22 of 2nd period - Brad Richards wins face-off versus Jason Allison in Jets zone.
11:25 of 2nd period - Wrist shot by Alexandre Burrows.
11:25 of 2nd period - Stopped by Maxime Daigneault without a rebound.
11:26 of 2nd period - Jason Allison wins face-off versus Brad Richards in Jets zone.
11:26 of 2nd period - Jason Allison is hit by Brad Richards.
11:39 of 2nd period - Off-side.
11:40 of 2nd period - Jason Allison wins face-off versus Brad Richards in neutral zone.
12:06 of 2nd period - Minor Penalty to Patrice Bergeron for Hooking.
12:07 of 2nd period - Jason Allison wins face-off versus Brad Richards in Rangers zone.
13:52 of 2nd period - Milan Lucic is hit by Adam Burish and loses puck.
14:06 of 2nd period - Penalty to Patrice Bergeron is over, Patrice Bergeron is back on ice.
14:19 of 2nd period - Matt Greene is hit by Tuomo Ruutu and loses puck.
14:45 of 2nd period - Colin White is hit by Dustin Brown and loses puck.
15:39 of 2nd period - Michal Rozsival is hit by Milan Lucic and loses puck.
15:58 of 2nd period - Derek Roy is hit by Jaroslav Balastik and loses puck.
16:42 of 2nd period - Icing by Roman Hamrlik.
16:43 of 2nd period - Greg Campbell wins face-off versus Drew Stafford in Jets zone.
17:04 of 2nd period - Snap shot by Johan Franzen.
17:04 of 2nd period - Stopped by Maxime Daigneault with a rebound.
17:24 of 2nd period - Snap shot by Benoit Pouliot.
17:24 of 2nd period - Stopped by Hannu Toivonen with a rebound.
17:26 of 2nd period - Wrist shot by Colin White.
17:26 of 2nd period - Shot Misses the Net.
17:58 of 2nd period - Slapshot by Patrick Sharp.
17:58 of 2nd period - Stopped by Maxime Daigneault with a rebound.
18:18 of 2nd period - Wrist shot by Johan Franzen.
18:18 of 2nd period - Stopped by Maxime Daigneault without a rebound.
18:19 of 2nd period - Brad Richards wins face-off versus Jason Allison in Jets zone.
18:52 of 2nd period - Slapshot by Alexandre Burrows.
18:52 of 2nd period - Stopped by Maxime Daigneault with a rebound.
18:54 of 2nd period - Wrist shot by Valtteri Filppula.
18:54 of 2nd period - Shot Blocked by Miroslav Satan.
18:56 of 2nd period - Slapshot by Drew Stafford.
18:56 of 2nd period - Stopped by Maxime Daigneault with a rebound.
19:14 of 2nd period - Cam Barker is hit by Adam Burish and loses puck.
Goals for this period are 0 for Rangers vs 1 for Jets.
Shots for this period are 12 for Rangers vs 12 for Jets.
3rd period
0:01 of 3rd period - Brad Richards wins face-off versus Jason Allison in neutral zone.
0:10 of 3rd period - Slapshot by Benoit Pouliot.
0:10 of 3rd period - Stopped by Hannu Toivonen with a rebound.
0:12 of 3rd period - Snap shot by Dmitri Kalinin.
0:12 of 3rd period - Shot Misses the Net.
0:32 of 3rd period - Backhand shot by Derek Roy.
0:32 of 3rd period - Stopped by Hannu Toivonen with a rebound.
0:34 of 3rd period - Slapshot by Dmitri Kalinin.
0:34 of 3rd period - Stopped by Hannu Toivonen without a rebound.
0:35 of 3rd period - Derek Roy wins face-off versus Patrice Bergeron in Rangers zone.
0:44 of 3rd period - Wrist shot by Jussi Jokinen.
0:44 of 3rd period - Stopped by Hannu Toivonen without a rebound.
0:45 of 3rd period - Jussi Jokinen wins face-off versus Patrice Bergeron in Rangers zone.
0:50 of 3rd period - Wrist shot by Derek Roy.
0:50 of 3rd period - Goal by Derek Roy - Rangers : 2 - Jets : 3.
0:51 of 3rd period - Brad Richards wins face-off versus Jason Allison in neutral zone.
0:53 of 3rd period - Off-side.
0:54 of 3rd period - Jason Allison wins face-off versus Brad Richards in neutral zone.
1:02 of 3rd period - Off-side.
1:03 of 3rd period - Jason Allison wins face-off versus Brad Richards in neutral zone.
1:14 of 3rd period - Snap shot by Brad Richards.
1:14 of 3rd period - Stopped by Maxime Daigneault with a rebound.
2:04 of 3rd period - Off-side.
2:05 of 3rd period - Jason Allison wins face-off versus Brad Richards in neutral zone.
2:44 of 3rd period - Derek Roy is hit by Kimmo Timonen and loses puck.
2:55 of 3rd period - Brent Seabrook is hit by Adam Burish and loses puck.
3:24 of 3rd period - Snap shot by Brad Richards.
3:24 of 3rd period - Stopped by Maxime Daigneault with a rebound.
3:26 of 3rd period - Wrist shot by Brad Richards.
3:26 of 3rd period - Goal by Brad Richards - Rangers : 3 - Jets : 3.
3:27 of 3rd period - Jason Allison wins face-off versus Brad Richards in neutral zone.
3:30 of 3rd period - Wrist shot by Benoit Pouliot.
3:30 of 3rd period - Shot Blocked by Cam Barker.
3:32 of 3rd period - Slapshot by Benoit Pouliot.
3:32 of 3rd period - Stopped by Hannu Toivonen with a rebound.
3:34 of 3rd period - Slapshot by Benoit Pouliot.
3:34 of 3rd period - Stopped by Hannu Toivonen with a rebound.
3:36 of 3rd period - Wrist shot by Jason Allison.
3:36 of 3rd period - Stopped by Hannu Toivonen with a rebound.
3:38 of 3rd period - Slapshot by Benoit Pouliot.
3:38 of 3rd period - Stopped by Hannu Toivonen with a rebound.
3:40 of 3rd period - Snap shot by Dmitri Kalinin.
3:40 of 3rd period - Stopped by Hannu Toivonen with a rebound.
3:42 of 3rd period - Wrist shot by Jason Allison.
3:42 of 3rd period - Shot Hit the Post.
3:52 of 3rd period - Derek Roy is hit by Patrice Bergeron and loses puck.
4:13 of 3rd period - Eric Brewer is hit by Drew Stafford and loses puck.
4:24 of 3rd period - Kimmo Timonen is hit by Fredrik Sjostrom and loses puck.
4:51 of 3rd period - Minor Penalty to Jason Allison for High sticking.
4:52 of 3rd period - Brad Richards wins face-off versus Greg Campbell in Jets zone.
4:53 of 3rd period - Snap shot by Milan Lucic.
4:53 of 3rd period - Stopped by Maxime Daigneault without a rebound.
4:54 of 3rd period - Brad Richards wins face-off versus Greg Campbell in Jets zone.
6:09 of 3rd period - Icing by Bryan Berard.
6:10 of 3rd period - Darroll Powe wins face-off versus Patrice Bergeron in Rangers zone.
6:51 of 3rd period - Penalty to Jason Allison is over, Jason Allison is back on ice.
7:25 of 3rd period - Jaroslav Balastik is hit by Jussi Jokinen and loses puck.
8:54 of 3rd period - Double Minor Penalty to Michal Rozsival for Roughing.
8:55 of 3rd period - Greg Campbell wins face-off versus Patrice Bergeron in Jets zone.
9:07 of 3rd period - Slapshot by Dustin Brown.
9:07 of 3rd period - Shot Misses the Net.
9:21 of 3rd period - Mike Commodore is hit by Brad Richards and loses puck.
9:38 of 3rd period - Patrick Sharp is hit by Adam Burish and loses puck.
9:51 of 3rd period - Darroll Powe is hit by Johan Franzen.
10:39 of 3rd period - Colin White is hit by Cam Barker and loses puck.
11:30 of 3rd period - Bryan Berard is hit by Dmitri Kalinin and loses puck.
12:54 of 3rd period - Penalty to Michal Rozsival is over, Michal Rozsival is back on ice.
15:19 of 3rd period - Johan Franzen is hit by Miroslav Satan and loses puck.
16:31 of 3rd period - Bryan Berard is hit by Michal Rozsival and loses puck.
17:03 of 3rd period - Patrick Sharp is hit by Jussi Jokinen and loses puck.
17:42 of 3rd period - Byron Ritchie is hit by Darroll Powe and loses puck.
17:49 of 3rd period - Kyle McLaren is hit by Michal Rozsival and loses puck.
Goals for this period are 1 for Rangers vs 1 for Jets.
Shots for this period are 4 for Rangers vs 10 for Jets.
Overtime #1
0:01 of 1st overtime period - Brad Richards wins face-off versus Jason Allison in neutral zone.
0:14 of 1st overtime period - Slapshot by Brad Richards.
0:14 of 1st overtime period - Stopped by Maxime Daigneault with a rebound.
0:22 of 1st overtime period - Brad Richards is hit by Jason Allison and loses puck.
0:23 of 1st overtime period - Brad Richards from Rangers is injured at 0:23 of 1st overtime period (Left Hand).
0:24 of 1st overtime period - Alexandre Burrows wins face-off versus Jason Allison in Rangers zone.
0:31 of 1st overtime period - Wrist shot by Milan Lucic.
0:31 of 1st overtime period - Deflect By Alexandre Burrows.
0:31 of 1st overtime period - Stopped by Maxime Daigneault without a rebound.
0:32 of 1st overtime period - Alexandre Burrows wins face-off versus Jason Allison in Jets zone.
0:39 of 1st overtime period - Snap shot by Milan Lucic.
0:39 of 1st overtime period - Shot Misses the Net.
1:19 of 1st overtime period - Snap shot by Daniel Alfredsson.
1:19 of 1st overtime period - Shot Misses the Net.
1:22 of 1st overtime period - Icing by Bryan Berard.
1:23 of 1st overtime period - Jason Allison wins face-off versus Alexandre Burrows in Rangers zone.
4:36 of 1st overtime period - Icing by Daniel Alfredsson.
4:37 of 1st overtime period - Patrice Bergeron wins face-off versus Darroll Powe in Jets zone.
4:40 of 1st overtime period - Slapshot by Jaroslav Balastik.
4:40 of 1st overtime period - Shot Misses the Net.
4:42 of 1st overtime period - Wrist shot by Jaroslav Balastik.
4:42 of 1st overtime period - Stopped by Maxime Daigneault with a rebound.
4:44 of 1st overtime period - Slapshot by Kyle McLaren.
4:44 of 1st overtime period - Shot Blocked by Fredrik Sjostrom.
4:56 of 1st overtime period - Slapshot by Kyle McLaren.
4:56 of 1st overtime period - Shot Misses the Net.
Goals for this period are 0 for Rangers vs 0 for Jets.
Shots for this period are 3 for Rangers vs 0 for Jets.
ShootOut
5:00 of 1st overtime period - Penalty Shot by Patrick Sharp for Rangers.
5:00 of 1st overtime period - Deke by Patrick Sharp.
5:00 of 1st overtime period - Stopped by Maxime Daigneault.
5:00 of 1st overtime period - Penalty Shot by Adam Burish for Jets.
5:00 of 1st overtime period - Deke by Adam Burish.
5:00 of 1st overtime period - Shot Misses the Net.
5:00 of 1st overtime period - Penalty Shot by Milan Lucic for Rangers.
5:00 of 1st overtime period - Deke by Milan Lucic.
5:00 of 1st overtime period - Stopped by Maxime Daigneault.
5:00 of 1st overtime period - Penalty Shot by Tuomo Ruutu for Jets.
5:00 of 1st overtime period - Deke by Tuomo Ruutu.
5:00 of 1st overtime period - Stopped by Hannu Toivonen.
5:00 of 1st overtime period - Penalty Shot by Johan Franzen for Rangers.
5:00 of 1st overtime period - Wrist shot by Johan Franzen.
5:00 of 1st overtime period - Goal by Johan Franzen.
5:00 of 1st overtime period - Penalty Shot by Daniel Alfredsson for Jets.
5:00 of 1st overtime period - Deke by Daniel Alfredsson.
5:00 of 1st overtime period - Goal by Daniel Alfredsson.
5:00 of 1st overtime period - Penalty Shot by Patrice Bergeron for Rangers.
5:00 of 1st overtime period - Snap shot by Patrice Bergeron.
5:00 of 1st overtime period - Goal by Patrice Bergeron.
5:00 of 1st overtime period - Penalty Shot by Jason Allison for Jets.
5:00 of 1st overtime period - Deke by Jason Allison.
5:00 of 1st overtime period - Stopped by Hannu Toivonen.
Output by the SimonT Hockey Simulator (STHS) for François Prévost -- Original Page W3C XHTML 1.0 Valid